 Dungeon Crawl Stone Soup version 0.30-a0-358-g0d69a1922f (webtiles) character file.

Game seed: 15641843431116953877

43 retardedninja the Trooper (level 3, 0/33 HPs)
             Began as a Hill Orc Fighter on Nov 10, 2022.
             Slain by an orc wizard
             ... wielding a +0 dagger
              (1 damage)
             ... on level 2 of the Dungeon.
             The game lasted 00:01:36 (1021 turns).

retardedninja the Trooper (Hill Orc Fighter)        Turns: 1021, Time: 00:01:37

Health: 0/33       AC:  7    Str: 20    XL:     3   Next: 58%
Magic:  3/3        EV:  9    Int:  8    God:
Gold:   60         SH:  0    Dex: 10    Spells: 2/2 levels left

rFire   . . .      SeeInvis .    l - +0 broad axe
rCold   . . .      Faith    .    c - +0 buckler
rNeg    . . .      Spirit   .    b - +0 scale mail
rPois   .          Reflect  .    (no helmet)
rElec   .          Harm     .    (no cloak)
rCorr   .          Rampage  .    (no gloves)
Will    +....                    (no boots)
Stlth   ..........               (no amulet)
HPRegen 0.25/turn                (no ring)
MPRegen 0.08/turn                (no ring)

@: confused
A: strong-willed 1, inability to read after injury 1
a: no special abilities


You were on level 2 of the Dungeon.
You visited 1 branch of the dungeon, and saw 2 of its levels.

You collected 60 gold pieces.

Inventory:

Hand Weapons
 l - a +0 broad axe (weapon)
Armour
 b - a +0 scale mail (worn)
 c - a +0 buckler (worn)
Scrolls
 e - a scroll of identify {unknown}
 f - a scroll of amnesia {unknown}
 h - a scroll of enchant weapon {unknown}
 j - a scroll of poison {unknown}
Potions
 a - a potion of lignification {unknown}
 d - a potion of might
 i - a potion of resistance {unknown}
 k - a potion of degeneration {unknown}


   Skills:
 + Level 4.1 Fighting
 + Level 3.4 Axes
 + Level 3.8 Armour
 + Level 3.7 Shields


You had 2 spell levels left.
You didn't know any spells.
Your spell library contained the following spells:

 Spells                   Type           Power      Damage    Failure   Level
 Beastly Appendage        Tmut           0%         N/A       85%         1
 Wereblood                Tmut           0%         N/A       94%         2
 Spider Form              Tmut/Pois      0%         N/A       99%         3


Dungeon Overview and Level Annotations

Branches:
Dungeon (2/15)

Altars:
The Shining One


Innate Abilities, Weirdness & Mutations

You are strong-willed. (Will+)
You occasionally lose the ability to read scrolls when taking damage.


Message History

You're too confused to move!
An orc wizard appears from thin air!
Reactivating autopickup.
The orc wizard hits you but does no damage.
You bump into the rock wall.
The orc wizard gestures at you while chanting.
You are more confused.
You bump into the rock wall.
The orc wizard closely misses you.
You closely miss the orc wizard.
The orc wizard is heavily wounded.
The orc wizard hits you with a +0 dagger.
You barely miss the orc wizard.
The orc wizard is heavily wounded.
The orc wizard gestures at you while chanting.
You are more confused.
The orc wizard barely misses you. The orc wizard casts a spell at you.
The magic dart hits you.
You bump into the rock wall.
The orc wizard gestures at you while chanting.
You are more confused.
You hit the orc wizard but do no damage.
The orc wizard is heavily wounded.
The orc wizard mumbles some strange words.
The orc wizard flickers and vanishes!
Deactivating autopickup; reactivate with Ctrl-A.
Something hits you but does no damage.
You bump into the rock wall.
Something hits you but does no damage.
You bump into the rock wall.
You hear some strange, mumbled words.
A puff of flame appears from out of thin air!
The puff of flame hits you!
* * * LOW HITPOINT WARNING * * *
You bump into the rock wall.
Something hits you but does no damage.
You're too confused to move!
Something hits you but does no damage.
Unknown command.
It was a potion of mutation.
You feel extremely strange.
You occasionally lose the ability to read scrolls when taking damage.
You feel stronger.
You feel weaker.
You feel strong-willed. Something hits you.
You die...

#####
#..@################
#..{##.....[........
#....))##########...
#....### ### #...
#........(....###...
###....#...##.......
..##... .#####....
...# ##.........†..
....# #.####......


There were no monsters in sight!

Vanquished Creatures
  A dart slug (D:1)
  4 orcs (D:2)
  2 ball pythons
  2 bats (D:1)
  2 endoplasms (D:1)
  3 giant cockroaches
  A goblin (D:1)
  2 hobgoblins (D:2)
  4 jackals (D:1)
  4 quokkas
  3 frilled lizards (D:1)
  2 kobolds
  2 rats (D:1)
  A spectral kobold (D:2)
33 creatures vanquished.

Notes
Turn   | Place    | Note
-------+----------+-------------------------------------------
     0 | D:1      | retardedninja the Hill Orc Fighter began the quest for the
                  | Orb.
     0 | D:1      | Reached XP level 1. HP: 19/19 MP: 1/1
   124 | D:1      | Reached XP level 2. HP: 27/27 MP: 2/2
   302 | D:1      | Reached skill level 4 in Fighting
   389 | D:1      | Reached XP level 3. HP: 24/33 MP: 3/3
   796 | D:2      | Found a glowing golden altar of the Shining One.
   915 | D:2      | Found a faded altar of an unknown god.
  1018 | D:2      | HP: 1/33 [something/puff of flame (12)]
  1021 | D:2      | Gained mutation: You occasionally lose the ability to read
                  | scrolls when taking damage. [potion of mutation]
  1021 | D:2      | Gained mutation: Your muscles are strong. (Str +4, Int/Dex
                  | -1) [potion of mutation]
  1021 | D:2      | Lost mutation: Your muscles are strong. (Str +4, Int/Dex
                  | -1) [potion of mutation]
  1021 | D:2      | Gained mutation: You are strong-willed. (Will+) [potion of
                  | mutation]
  1021 | D:2      | Slain by an orc wizard

Illustrated notes

Levels and vault maps discovered:
D:1:      psy_arrival_basics, layout_loops_ring, minmay_pentomino_x2
D:2:      layout_rooms, basic_altar, dreamdust_ecumenical_altar_drowned_temple

Skill      XL: |  1  2 |
---------------+-------+-----
Axes           | 3 |  3.4
Fighting       | 4 |  4.1
Armour         | |  3.8
Shields        | |  3.7

Action                   || total
-------------------------++-------
Melee: War axe           ||    72
       Broad axe         ||    39
  Use: Potion            ||     1
Armor: Scale mail        ||    62
Dodge: Dodged            ||    50
Block: Buckler           ||    28

Table legend: (Time is in decaauts)
 A = Elapsed time spent in this place.
 B = Non-inter-level travel time spent in this place.
 C = Inter-level travel time spent in this place.
 D = Time resting spent in this place.
 E = Time spent auto-exploring this place.
 F = Levels seen in this place.
 G = Mean time per level.
                   A        B        C        D        E       F      G
               +--------+--------+--------+--------+--------+-----+--------+
         Total |   1073 |   1045 |     28 |      0 |    738 |   2 |  536.5 |
       Dungeon |   1073 |   1045 |     28 |      0 |    738 |   2 |  536.5 |
               +--------+--------+--------+--------+--------+-----+--------+

Top non-repeatable levels by time:
     D:1: 814 daAuts
     D:2: 259 daAuts
